 Dungeon Crawl Stone Soup version 0.30-a0-6-g7c9e10e132 (webtiles) character file.

Game seed: 12701579842314983882

30 Sweeb the Twirler (level 3, -5/28 HPs)
             Began as a Mummy Gladiator on Aug 22, 2022.
             Slain by Natasha (6 damage)
             ... on level 2 of the Dungeon.
             The game lasted 00:01:10 (1231 turns).

Sweeb the Twirler (Mummy Gladiator)                 Turns: 1231, Time: 00:01:10

Health: -5/28      AC:  7    Str: 17    XL:     3   Next: 3%
Magic:  3/3        EV: 11    Int:  7    God:
Gold:   60         SH:  0    Dex: 15    Spells: 2/2 levels left

rFire   x . .      SeeInvis .    a - +0 quarterstaff
rCold   + . .      Faith    .    (shield currently unavailable)
rNeg    + + +      Spirit   .    f - +0 ring mail
rPois   ∞          Reflect  .    c - +0 helmet
rElec   .          Harm     .    (no cloak)
rCorr   .          Rampage  .    (no gloves)
Will    .....                    i - +0 pair of boots
Stlth   +.........               (no amulet)
HPRegen 0.09/turn                (no ring)
MPRegen 0.08/turn                (no ring)

@: no status effects
A: cold resistance 1, negative energy resistance 3, torment resistance 2, heat
vulnerability 1, in touch with death 1, no potions
a: no special abilities


You were on level 2 of the Dungeon.
You visited 1 branch of the dungeon, and saw 2 of its levels.

You collected 60 gold pieces.

Inventory:

Hand Weapons
 a - a +0 quarterstaff (weapon)
Missiles
 d - 3 throwing nets (quivered)
 e - a javelin
Armour
 c - a +0 helmet (worn)
 f - a +0 ring mail (worn)
 i - a +0 pair of boots (worn)
Scrolls
 g - a scroll of poison
 h - a scroll of fear


   Skills:
 + Level 2.4 Fighting
 * Level 3.0 Staves
 - Level 1.5 Throwing
 - Level 2.4 Dodging
 + Level 1.0 Stealth


You had 2 spell levels left.
You didn't know any spells.
Your spell library contained the following spells:

 Spells                   Type           Power      Damage    Failure   Level
 Blink                    Tloc           0%         N/A       78%         2
 Lesser Beckoning         Tloc           0%         N/A       95%         3
 Manifold Assault         Tloc           0%         N/A       100%        5


Dungeon Overview and Level Annotations

Branches:
Dungeon (2/15)

Altars:

Annotations:
D:2 Natasha


Innate Abilities, Weirdness & Mutations

You are immune to poison.
Your flesh is cold resistant. (rC+)
You are immune to negative energy. (rN+++)
You are immune to unholy pain and torment.
You are vulnerable to heat. (rF-)
You are in touch with the powers of death.
You do not drink.


Message History

Natasha casts a spell.
You hit Natasha but do no damage.
Natasha is moderately wounded.
Natasha casts a spell at you. You resist with some effort.
You sock Natasha!
Natasha is almost dead.
Natasha claws you.
* * * LOW HITPOINT WARNING * * *
You barely miss Natasha.
Natasha is almost dead.
Natasha casts a spell.
The crimson imp shouts, "Away with thee, thou pecksniffian shrink-wrapped death-token!"
The crimson imp blinks!
You hit Natasha.
Natasha is almost dead.
Natasha claws you but does no damage.
You closely miss Natasha.
Natasha is almost dead.
Natasha barely misses you.
The crimson imp blinks!
Natasha claws you but does no damage.
You hit Natasha but do no damage.
Natasha is almost dead.
The crimson imp hits you but does no damage.
Natasha closely misses you. The crimson imp closely misses you.
You hit Natasha but do no damage.
Natasha is almost dead.
Natasha stares at you and mumbles some strange words.
The magic dart hits you.
* * * LOW HITPOINT WARNING * * *
The crimson imp closely misses you.
You hit Natasha but do no damage.
Natasha is almost dead.
Natasha claws you.
* * * LOW HITPOINT WARNING * * *
The crimson imp closely misses you.
You closely miss Natasha.
Natasha is almost dead.
Natasha claws you.
You die...

..!###....########
..........###########
...###..............#
<..#.####.######..#.#
..(.......##........#
...#....#....#.....##
...#....#....#..##$#
.....#......##.5##.#
.#.......#####.#@..#
.....##.# #.#h###
.#...... #?.5#
.#...### ###.. #..
#... ####


You could see Natasha, a crimson imp (summoned) and a shadow imp (summoned).

Vanquished Creatures
  2 dart slugs (D:1)
  5 bats (D:1)
  An endoplasm (D:1)
  A giant cockroach (D:1)
  A goblin (D:1)
  4 jackals (D:1)
  A kobold (D:1)
  A quokka (D:1)
  3 ball pythons (D:1)
  2 frilled lizards
  A rat (D:1)
22 creatures vanquished.

Notes
Turn   | Place    | Note
-------+----------+-------------------------------------------
     0 | D:1      | Sweeb the Mummy Gladiator began the quest for the Orb.
     0 | D:1      | Reached XP level 1. HP: 16/16 MP: 1/1
   294 | D:1      | Reached XP level 2. HP: 22/22 MP: 2/2
   415 | D:1      | Found a faded altar of an unknown god.
   907 | D:1      | Reached skill level 3 in Staves
   993 | D:1      | Reached skill level 1 in Stealth
   993 | D:1      | Gained mutation: You are in touch with the powers of death.
                  | [Mummy growth]
   993 | D:1      | Reached XP level 3. HP: 28/28 MP: 3/3
  1214 | D:2      | Noticed Natasha
  1230 | D:2      | HP: 1/28 [Natasha (4)]
  1231 | D:2      | Slain by Natasha

Illustrated notes

Levels and vault maps discovered:
D:1:      elethiomel_arrival_quiet, layout_basic, serial_corexii_hall,
          corexii_hall_statues_l, corexii_hall_statues_x,
          ebering_ecumenical_altar_box, chequers_serial_rivers_small_3
D:2:      layout_basic, grunt_ministairs_1, minmay_tetromino_o2, uniq_natasha,
          uniq_crazy_yiuf_cottage

Skill      XL: |  1  2 |
---------------+-------+-----
Staves         | 3 |  3.0
Stealth        | 1 |  1.0
Fighting       | |  2.4
Throwing       | |  1.5
Dodging        | |  2.4

Action                   || total
-------------------------++-------
Melee: Quarterstaff      ||    66
  Use: Scroll            ||     3
Armor: Leather armour    ||     7
       Ring mail         ||    31
Dodge: Dodged            ||    69

Table legend: (Time is in decaauts)
 A = Elapsed time spent in this place.
 B = Non-inter-level travel time spent in this place.
 C = Inter-level travel time spent in this place.
 D = Time resting spent in this place.
 E = Time spent auto-exploring this place.
 F = Levels seen in this place.
 G = Mean time per level.
                   A        B        C        D        E       F      G
               +--------+--------+--------+--------+--------+-----+--------+
         Total |   1245 |   1203 |     42 |    199 |    819 |   2 |  622.5 |
       Dungeon |   1245 |   1203 |     42 |    199 |    819 |   2 |  622.5 |
               +--------+--------+--------+--------+--------+-----+--------+

Top non-repeatable levels by time:
     D:1: 1192 daAuts
     D:2: 53 daAuts
